 Dungeon Crawl Stone Soup version 0.28-a0-1213-g0243856f03 (webtiles) character file.

Game seed: 4587639882935402405

2564 septik the Cleaver (level 9, -3/72 HPs)
             Began as a Minotaur Berserker on Dec 21, 2021.
             Was a Priest of Trog.
             Slain by an unseen horror (6 damage)
             ... on level 8 of the Dungeon.
             The game lasted 00:10:47 (8691 turns).

septik the Cleaver (Minotaur Berserker)             Turns: 8691, Time: 00:10:48

Health: -3/72      AC: 13    Str: 26    XL:     9   Next: 31%
Magic:  8/8        EV: 13    Int:  4    God:    Trog [***...]
Gold:   356        SH:  0    Dex: 10    Spells: 8/8 levels left

rFire   . . .      SeeInvis .   D - +0 war axe (flame)
rCold   . . .      Faith    .   (no shield)
rNeg    . . .      Spirit   .   b - +0 chain mail
rPois   .          Reflect  .   (helmet restricted)
rElec   .          Harm     .   y - +2 cloak
rCorr   .          Rampage  .   l - +0 pair of gloves
Will    .....                   (no boots)
Stlth   ..........              (no amulet)
HPRegen 0.22/turn               k - +4 ring of evasion
MPRegen 0.11/turn               (no ring)

@: on berserk cooldown, slowed, very slow
A: horns 2, retaliatory headbutt
a: Renounce Religion, Berserk, Trog's Hand


You were on level 8 of the Dungeon.
You worshipped Trog.
Trog was most pleased with you.
You visited 1 branch of the dungeon, and saw 8 of its levels.

You collected 356 gold pieces.

Inventory:

Hand Weapons
 a - a +0 hand axe
 q - a +4 mace of draining
 t - a +0 war axe
 D - a +0 war axe of flaming (weapon)
Missiles
 c - 128 stones (quivered)
 s - a throwing net
 x - 9 poisoned darts
 C - 6 atropa-tipped darts
Armour
 b - a +0 chain mail (worn)
 l - a +0 pair of gloves (worn)
 y - a +2 cloak (worn)
Jewellery
 k - a +4 ring of evasion (left hand)
 A - an amulet of regeneration
Wands
 B - a wand of iceblast (7)
Scrolls
 d - 3 scrolls of noise {unknown}
 g - 6 scrolls of teleportation {unknown}
 i - 2 scrolls of blinking {unknown}
 m - a scroll of vulnerability {unknown}
 o - a scroll of brand weapon {unknown}
 p - a scroll of torment {unknown}
 r - 2 scrolls of identify {unknown}
 w - 4 scrolls of enchant weapon {unknown}
Potions
 e - 2 potions of brilliance {unknown}
 f - a potion of berserk rage {unknown}
 h - a potion of resistance
 j - 4 potions of curing
 n - 3 potions of degeneration {unknown}
 u - a potion of lignification {unknown}
 v - a potion of heal wounds {unknown}
 z - 2 potions of flight {unknown}


   Skills:
 + Level 4.6 Fighting
 * Level 14.7 Axes
 + Level 3.6 Armour
 - Level 2.1 Dodging


You had 8 spell levels left.
You didn't know any spells.
Your spell library was empty.

Dungeon Overview and Level Annotations

Branches:
Dungeon (8/15)             Temple (0/1) D:4
   Lair: D:8-11

Altars:
Cheibriados
Elyvilon
Makhleb
Ru
Sif Muna
Trog
Wu Jian
Xom
The Shining One

Shops:
D:1 [   D:6 (

Annotations:
D:5 3 runed translucent doors, TheNamelessOne's ghost, novice OpFi; ThreePoint314's ghost, novice DrTm; ma3's ghost, novice MiCK


Innate Abilities, Weirdness & Mutations

You have a pair of horns on your head.
You reflexively headbutt those who attack you in melee.


Message History

Something hits you but does no damage. Something hits you but does no damage.
Something hits you. Something hits you but does no damage.
Something hits you but does no damage.
Something hits you but does no damage. x2; Something hits you!
Something hits you but does no damage. Something hits you. x2
Something hits you. Something hits you.
You hit something but do no damage. You headbutt something. Something hits you.
Something hits you. Something hits you but does no damage.
You closely miss something. Something hits you but does no damage.
Something barely misses you.
A red film seems to cover your vision as you go berserk!
You feel yourself moving faster!
You feel mighty! Something hits you!
* * * LOW HITPOINT WARNING * * *
You feel a strong urge to attack something.
Something hits you.
* * * LOW HITPOINT WARNING * * *
Something hits you.
* * * LOW HITPOINT WARNING * * *
You feel your anger nearly subside.
You slash something! You burn something. Your headbutt misses something.
Something hits you.
* * * LOW HITPOINT WARNING * * *
You closely miss something.
You are no longer berserk.
You are exhausted.
You feel yourself slow down. Something hits you but does no damage.
Something hits you but does no damage. Something hits you!
* * * LOW HITPOINT WARNING * * *
Something hits you.
* * * LOW HITPOINT WARNING * * *
You hit something. You burn something. Your headbutt misses something.
Something hits you but does no damage.
Something hits you but does no damage. x2
Something hits you.
You die...

#..#........♣♣♣♣.. #..
#..##+####..♣ ♣♣. #..
#..'.....#..♣ ♣. #:..
#..##....'..♣ ♣. #...
#..##....#..♣ ♣.
#....#..#.....#..♣♣♣♣♣.
#....#..#######...♣♣...
#....'..#...........[##
......#@.#..........###
......#..+..........#
..... #..#......#+#.#
..... #..#...... ..#
##.. #..#...... ..# #..
#..#...... ...# ####
... ...#


There were no monsters in sight!

Vanquished Creatures
  Pikel (D:6)
  An orc warrior (D:7)
  A necrophage (D:5)
  An ogre (D:4)
  A centaur (D:6)
  4 lemures
  2 bullfrogs
  2 scorpions
  A water moccasin zombie (D:5)
  4 killer bees (D:5)
  A water moccasin skeleton (D:7)
  4 wights (D:7)
  A jelly (D:7)
  A bullfrog skeleton (D:6)
  2 bullfrog zombies
  2 hounds
  6 orc priests
  Crazy Yiuf (D:6)
  A centaur skeleton (D:7)
  2 iguanas
  Natasha (thrice) (D:2)
  8 orc wizards
  8 adders
  4 gnolls
  2 white imps
  2 worms
  2 dart slugs
  23 orcs
  7 endoplasms
  4 giant cockroaches
  10 goblins
  8 hobgoblins
  5 jackals
  2 kobolds
  A quokka (D:3)
  8 ball pythons
  3 bats
  2 frilled lizards
  A jackal skeleton (D:4)
  9 rats
151 creatures vanquished.

Vanquished Creatures (others)
  A black bear (D:6)
  2 fungi (D:2)
  3 plants (D:2)
  4 withered plants (D:5)
10 creatures vanquished.

Grand Total: 161 creatures vanquished

Notes
Turn   | Place    | Note
-------+----------+-------------------------------------------
     0 | D:1      | septik the Minotaur Berserker began the quest for the Orb.
     0 | D:1      | Reached XP level 1. HP: 19/19 MP: 0/0
   197 | D:1      | Reached skill level 4 in Axes
   442 | D:1      | Found Pubafyz's Antique Armour Boutique.
   448 | D:1      | Reached XP level 2. HP: 23/26 MP: 1/1
   560 | D:1      | Reached skill level 5 in Axes
   753 | D:1      | Reached XP level 3. HP: 31/31 MP: 2/2
   767 | D:1      | Reached ** piety under Trog
  1380 | D:2      | Found a shimmering altar of Xom.
  1914 | D:2      | Noticed Natasha
  1918 | D:2      | Killed Natasha
  1919 | D:2      | Reached skill level 6 in Axes
  1919 | D:2      | Reached XP level 4. HP: 39/39 MP: 3/3
  2304 | D:2      | Noticed Natasha
  2313 | D:2      | Killed Natasha
  2316 | D:2      | Noticed Natasha
  2320 | D:2      | Killed Natasha
  2321 | D:2      | Reached skill level 7 in Axes
  2321 | D:2      | Reached XP level 5. HP: 26/45 MP: 4/4
  2586 | D:2      | Found a faded altar of an unknown god.
  2990 | D:3      | Found a sacrificial altar of Ru.
  2990 | D:3      | Found a glowing golden altar of the Shining One.
  3007 | D:3      | Found a white marble altar of Elyvilon.
  3009 | D:3      | Found an ornate altar of the Wu Jian Council.
  3011 | D:3      | Found a burning altar of Makhleb.
  3012 | D:3      | Found a snail-covered altar of Cheibriados.
  3651 | D:4      | Reached skill level 8 in Axes
  3855 | D:4      | Reached XP level 6. HP: 46/48 MP: 5/5
  4084 | D:4      | Found a staircase to the Ecumenical Temple.
  4251 | D:4      | Reached skill level 9 in Axes
  4939 | D:5      | Entered Level 5 of the Dungeon
  4953 | D:5      | Reached XP level 7. HP: 53/57 MP: 6/6
  5013 | D:5      | Found a runed translucent gate.
  5013 | D:5      | Found a runed translucent gate.
  5013 | D:5      | Found a runed translucent gate.
  5017 | D:5      | Noticed ThreePoint314's ghost (novice DrTm)
  5017 | D:5      | Noticed ma3's ghost (novice MiCK)
  5017 | D:5      | Noticed TheNamelessOne's ghost (novice OpFi)
  5060 | D:5      | Reached skill level 10 in Axes
  5138 | D:5      | HP: 3/85 [orc priest/divine providence (13)]
  5178 | D:5      | HP: 1/57 [white imp/puff of frost (10)]
  5482 | D:5      | Reached skill level 11 in Axes
  5660 | D:5      | Reached XP level 8. HP: 64/64 MP: 7/7
  5895 | D:5      | Reached *** piety under Trog
  6313 | D:6      | Reached skill level 12 in Axes
  6418 | D:6      | Found a runed translucent door.
  6488 | D:6      | Noticed Pikel
  6674 | D:6      | Killed Pikel
  6675 | D:6      | Reached skill level 13 in Axes
  6847 | D:6      | Reached skill level 14 in Axes
  6980 | D:6      | Found Ofemm's Weapon Boutique.
  7292 | D:6      | Reached XP level 9. HP: 69/70 MP: 8/8
  7462 | D:6      | Noticed Crazy Yiuf
  7466 | D:6      | Killed Crazy Yiuf
  8223 | D:7      | Found a bloodstained altar of Trog.
  8241 | D:7      | Found a shimmering blue altar of Sif Muna.
  8688 | D:8      | HP: 2/72 [something (3)]
  8691 | D:8      | Slain by an unseen horror

Illustrated notes

Levels and vault maps discovered:
D:1:      nzn_arrival_water_spiral, layout_basic, serial_shops, shop
D:2:      layout_basic, basic_altar, shapermc_ecumenical_altar_petra,
          dk_noncrumbling_2, grunt_decor_mini_mirrors, uniq_natasha
D:3:      layout_basic, minitemple
D:4:      layout_loops_ring, minmay_temple_entry_slanted, minmay_crystal_water
D:5:      layout_loops_ring, gammafunk_ghost_cemetery
D:6:      layout_loops_ring, serial_shops, nicolae_shop_bloodbath_and_beyond,
          uniq_crazy_yiuf_cottage, uniq_pikel
D:7:      layout_basic, nzn_overflow_gifts_of_might_and_magic, serial_glass,
          glass_columns_b, glass_columns_a, chequers_serial_rivers_micro_e,
          hangedman_decor_lopped, item_on_display_a
D:8:      layout_gridville, nrook_campfire, hangedman_abyss_or_decor_lesser_grid

Skill      XL: |  1  2  3  4  5  6  7  8  9 |
---------------+----------------------------+-----
Axes           | 4 5 6 7 8 9 11 14 | 14.7
Fighting       | 4 |  4.6
Armour         | 3 |  3.6
Dodging        | |  2.1

Action                   |  1- 3 |  4- 6 |  7- 9 || total
-------------------------+-------+-------+-------++-------
Melee: Hand axe          |    71 |   104 |       ||   175
       Headbutt          |    10 |    31 |    37 ||    78
       Mace              |       |    46 |   176 ||   222
       War axe           |       |       |    11 ||    11
Invok: Berserk           |     2 |     5 |     5 ||    12
       Trog's Hand       |     1 |       |       ||     1
 Stab: Sleeping          |     2 |     1 |       ||     3
Armor: Animal skin       |    13 |     5 |       ||    18
       Scale mail        |       |    13 |    59 ||    72
       Chain mail        |       |       |    40 ||    40
Dodge: Dodged            |    39 |    60 |    73 ||   172

Table legend: (Time is in decaauts)
 A = Elapsed time spent in this place.
 B = Non-inter-level travel time spent in this place.
 C = Inter-level travel time spent in this place.
 D = Time resting spent in this place.
 E = Time spent auto-exploring this place.
 F = Levels seen in this place.
 G = Mean time per level.
                   A        B        C        D        E       F      G
               +--------+--------+--------+--------+--------+-----+--------+
         Total |   8783 |   8503 |    280 |   1056 |   6148 |   8 | 1097.9 |
       Dungeon |   8783 |   8503 |    280 |   1056 |   6148 |   8 | 1097.9 |
               +--------+--------+--------+--------+--------+-----+--------+

Top non-repeatable levels by time:
     D:1: 1585 daAuts
     D:4: 1457 daAuts
     D:6: 1207 daAuts
     D:5: 1140 daAuts
     D:3: 1126 daAuts
     D:2: 1116 daAuts
     D:7: 991 daAuts
     D:8: 158 daAuts
